 Dungeon Crawl Stone Soup version 0.18.1-5-g4a78601 (webtiles) character file.

57 dracos369 the Poker (level 4, -4/33 HPs)
             Began as a Merfolk Skald on May 13, 2016.
             Slain by a gnoll (6 damage)
             ... on level 2 of the Dungeon.
             The game lasted 00:03:18 (1045 turns).

dracos369 the Poker (Merfolk Skald)                 Turns: 1045, Time: 00:03:19

Health: -4/33      AC:  4    Str: 12    XL:     4   Next: 0%
Magic:  1/7        EV: 11    Int: 11    God:
Gold:   36         SH:  0    Dex: 14    Spells: 3 memorised, 1 level left

rFire  . . .     SeeInvis .     a - +0 spear
rCold  . . .     Gourm    .     b - +0 leather armour
rNeg   . . .     Faith    .     (no shield)
rPois  .         Spirit   .     (no helmet)
rElec  .         Dismiss  .     (no cloak)
rCorr  .         Reflect  .     g - +0 pair of gloves (curse)
SustAt .         Harm     .     (no boots)
MR     .....                    (no amulet)
Stlth  +.........               (no ring)
                                (no ring)

@: not resistant to hostile enchantments, very unstealthy
A: change form in water, swift swim
a: no special abilities


You were on level 2 of the Dungeon.
You were not hungry.

You visited 1 branch of the dungeon, and saw 2 of its levels.

You collected 36 gold pieces.

Inventory:

Hand Weapons
 a - a +0 spear (weapon)
Armour
 b - a +0 leather armour (worn)
 g - a cursed +0 pair of gloves (worn)
Potions
 e - a potion of heal wounds {unknown}
 h - 2 potions of might {unknown}
 j - a potion of agility {unknown}
 k - a potion of curing {unknown}
Books
 c - a book of Battle

   Spells                             Type                      Level
   a - Infusion                       Charms                       1
   b - Shroud of Golubria             Charms/Translocation         2
   c - Song of Slaying                Charms                       2
   d - Spectral Weapon                Hexes/Charms                 3
   e - Regeneration                   Charms/Necromancy            3
Comestibles
 d - 2 bread rations
 f - 2 chunks of flesh
 i - a meat ration


   Skills:
 - Level 2.1 Fighting
 * Level 5.0 Polearms
 - Level 0.6 Armour
 - Level 1.3 Dodging
 + Level 2.2 Spellcasting
 + Level 0.6 Hexes
 + Level 3.8 Charms


You had one spell level left.
You knew the following spells:

 Your Spells              Type           Power        Failure   Level  Hunger
a - Infusion              Chrm           #...         10%         1    ##.....
c - Spectral Weapon       Hex/Chrm       #.......     50%         3    ####...
g - Shroud of Golubria    Chrm/Tloc      #.........   30%         2    ###....


Dungeon Overview and Level Annotations

Branches:
Dungeon (2/15)

Altars:
Ashenzari


Message History

Your magical infusion is running out.
The gnoll hits you.
* * * LOW HITPOINT WARNING * * *
A bat comes into view.
You are no longer magically infusing your attacks.
The bat hits you but does no damage. The bat hits you.
* * * LOW HITPOINT WARNING * * *
The bat hits you but does no damage. The gnoll hits you but does no damage.
The bat hits you but does no damage. x2
You hit the bat.
You kill the bat!
You have reached level 4!
You are too injured to fight recklessly!
Attack whom?
Press: ? - help, Dir - move target cursor, f/p - gnoll
Aim: a gnoll (heavily wounded)
You reach to attack!
You hit the gnoll.
The gnoll is severely wounded.
The gnoll hits you.
You die...

#########.#######.#######
.........................
......###.#####.#.#######
......###.# #.#.##...
........#.#####.#.##.######
......#.#.#.. ..#.........+
....#.#.#.#.########.#..#.+
....#.#.#.#.#.............#
....#>....†....g@.........#
.##.#.#.#.###.#......######
. #.#.#.# #.#........#
#.#.#.# #.#.##...#.# #.#.#
#.#..<...#... #.#.#
#.######.##### #.#.# #..
..# #.#.# ### ### #.#)####


You could see a gnoll.

Vanquished Creatures
  2 gnolls (D:2)
  An ooze (D:1)
  A giant gecko (D:2)
  4 bats
  2 giant cockroaches
  4 goblins (D:1)
  4 hobgoblins (D:1)
  4 jackals (D:1)
  2 kobolds (D:1)
  2 giant newts (D:1)
  4 rats
30 creatures vanquished.

Notes
Turn   | Place    | Note
--------------------------------------------------------------
     0 | D:1      | dracos369 the Merfolk Skald began the quest for the Orb.
     0 | D:1      | Reached XP level 1. HP: 16/16 MP: 3/3
   122 | D:1      | Reached XP level 2. HP: 20/22 MP: 5/5
   198 | D:1      | Learned a level 2 spell: Shroud of Golubria
   316 | D:1      | Reached skill level 4 in Polearms
   558 | D:1      | Reached XP level 3. HP: 23/27 MP: 6/6
   623 | D:1      | Learned a level 3 spell: Spectral Weapon
  1000 | D:2      | Found a shattered altar of Ashenzari.
  1023 | D:2      | Reached skill level 5 in Polearms
  1036 | D:2      | HP: 1/27 [bat (1)]
  1039 | D:2      | Reached XP level 4. HP: 2/33 MP: 1/7
  1045 | D:2      | Slain by a gnoll

Skill      XL: |  1  2  3 |
---------------+----------+-----
Polearms       | 4 5 |  5.0
Fighting       | |  2.1
Armour         | |  0.6
Dodging        | |  1.3
Spellcasting   | |  2.2
Hexes          | |  0.6
Charms         | |  3.8

Action                   |  1- 3 |  4- 6 || total
-------------------------+-------+-------++-------
Melee: Spear             |   114 |     1 ||   115
 Cast: Infusion          |     3 |       ||     3
       Shroud of Golubri |     2 |       ||     2
 Stab: Sleeping          |     2 |       ||     2
       Distracted        |     1 |       ||     1
  Eat: Chunk             |     1 |       ||     1
Armor: Leather armour    |    18 |       ||    18
Dodge: Dodged            |    42 |       ||    42
